Map: Blackpink LE

Players

Pandazam - Winner!

  • Race: Zerg Zerg
  • League: Master
  • Spawn Location: 7:00

Earendil

  • Race: Zerg Zerg
  • League: Master
  • Spawn Location: 1:00

VOD

Have the link to the VOD?

Description

Time

  • Played on: March 2, 2018, 2:45 p.m.
  • Length: 3:58
Show
View Real Time Build Order
Export as new Build Order

Pandazam Zerg - Winner!

Build Orders: Hatch First 

Get SALT Encoding   

  12  0:00  Drone  
  13  0:11  Drone  
  14  0:19  Extractor, Drone  
  15  0:41  Hatchery  
  14  0:44  Extractor, Drone  
  14  1:01  Spawning Pool  
  14  1:03  Drone  
  14  1:11  Overlord  
  14  1:51  Metabolic Boost  
  14  1:52  Queen  
  14  1:53  Zergling x4  
  18  1:55  Zergling x4  
  20  2:04  Zergling x4  
  23  2:15  Drone  
  23  2:18  Zergling x2  
  24  2:31  Overlord  
  24  2:33  Zergling x2  
  25  2:39  Zergling x2  
  25  2:40  Zergling x2  
  27  2:49  Zergling x2  
  27  2:50  Zergling x2  
  29  3:02  Zergling x8  
  29  3:03  Zergling x2  
  33  3:17  Overlord  
  33  3:18  Zergling x2  
  33  3:26  Overlord  
  34  3:27  Zergling x2  
  34  3:37  Zergling x4  
Show
View Real Time Build Order
Export as new Build Order

Earendil Zerg 

Build Orders: Hatch First 

Get SALT Encoding   

  12  0:01  Drone  
  13  0:13  Overlord  
  13  0:19  Drone  
  14  0:31  Drone  
  14  0:32  Drone  
  16  0:36  Drone  
  17  0:53  Hatchery  
  17  0:56  Drone  
  17  0:59  Drone  
  17  1:02  Extractor  
  17  1:16  Spawning Pool  
  16  1:19  Drone  
  16  1:22  Drone  
  18  1:28  Drone  
  19  1:43  Drone  
  20  1:54  Overlord  
  20  2:02  Metabolic Boost  
  20  2:03  Queen  
  20  2:05  Queen  
  20  2:08  Zergling x2  
  25  2:11  Drone  
  26  2:16  Evolution Chamber  
  26  2:19  Drone  
  26  2:23  Drone  
  26  2:26  Drone  
  28  2:30  Drone  
  28  2:37  Drone  
  30  2:45  Overlord  
  30  3:00  Drone  
  30  3:11  Baneling Nest, Hatchery  
  28  3:14  Zergling x4  
  28  3:15  Zergling x2  
  30  3:24  Zergling x4  
  32  3:27  Zergling x2  
  33  3:36  Zergling x4  
  33  3:37  Zergling x4  
Tags
 
Add a new tag
Caveats
  • Supply blocks, unpowered buildings, or Contaminate may cause inaccurate times.
  • Supply counts are checked every 10 seconds.